AoeStats
← Brogo

QS Arena

503444271Analyzed
2v2 RM · 10d ago on Aug 31, 2026· 80m 42s· 4 players
Game mode
Random Map
Map size
Medium (4 player)
Population
200
Speed
Normal
Resources
Standard
Victory
Conquest
Starting age
Dark Age
Ending age
Imperial Age
RankedLock teamsTeams togetherTeam positionsShared explorationLock speedFull tech treeHidden civsTurbo modeCheats
Victory
Defeat
🇺🇸 Persians · United States
814
+16
🇺🇸 Ethiopians · United States
715
+20
🇹🇷 Spanish · Türkiye
811
-18
🇹🇷 Teutons · Türkiye
810
-18
Soccorso
3:32 Loom
9:14 Feudal Age
10:46 Wheelbarrow
10:38 Double-Bit Axe
15:02 Town Watch
16:52 Gold Mining
17:18 Stone Mining
18:56 Horse Collar
19:15 Arson
23:24 Castle Age
22:48 Fletching
22:58 Padded Archer Armor
25:58 Hand Cart
27:10 Bow Saw
27:15 Heavy Plow
28:54 Bodkin Arrow
29:14 Leather Archer Armor
32:34 Husbandry
33:55 Thumb Ring
33:11 Crossbowman
33:12 Elite Skirmisher
34:01 Royal Heirs
34:11 Murder Holes
34:26 Fortified Wall
34:37 Ballistics
37:21 Imperial Age
35:58 Squires
36:42 Forging
39:26 Town Patrol
39:49 Conscription
38:50 Elite Shotel Warrior
39:17 Capped Ram
40:21 Bracer
40:52 Ring Archer Armor
42:16 Chemistry
41:31 Masonry
40:52 Arbalester
45:27 Two-Man Saw
48:09 Caravan
48:09 Siege Ram
58:19 Torsion Engines
63:29 Iron Casting
62:55 Scale Mail Armor
66:10 Chain Mail Armor
73:54 Plate Mail Armor
Brogo
2:27 Loom
9:44 Feudal Age
10:27 Double-Bit Axe
10:24 Horse Collar
11:40 Wheelbarrow
12:02 Bloodlines
18:09 Castle Age
21:00 Hand Cart
20:57 Heavy Plow
22:24 Town Watch
23:04 Forging
23:00 Scale Barding Armor
23:31 Bow Saw
23:38 Light Cavalry
24:19 Husbandry
25:22 Iron Casting
27:46 Imperial Age
27:28 Crossbowman
28:10 Kamandaran
29:27 Crop Rotation
30:05 Conscription
30:22 Hussar
32:25 Elite War Elephant
33:47 Thumb Ring
37:28 Ballistics
37:20 Masonry
38:01 Heavy Camel Rider
38:41 Pikeman
39:06 Gambesons
39:22 Squires
39:46 Chain Barding Armor
40:27 Blast Furnace
39:43 Town Patrol
44:59 Plate Barding Armor
49:03 Padded Archer Armor
48:53 Fletching
49:41 Elite Skirmisher
Timur
8:33 Feudal Age
9:03 Double-Bit Axe
9:03 Horse Collar
9:20 Loom
15:24 Castle Age
16:31 Stone Mining
16:48 Heavy Plow
17:02 Bow Saw
17:57 Stone Shaft Mining
24:20 Imperial Age
21:55 Pikeman
31:41 Chemistry
31:52 Halberdier
34:54 Forging
34:50 Scale Barding Armor
34:46 Scale Mail Armor
57:46 Fletching
66:59 Wheelbarrow
71:30 Gambesons
71:48 Squires
71:35 Arson
72:22 Chain Mail Armor
72:47 Iron Casting
Olive Oil
9:13 Feudal Age
10:50 Wheelbarrow
11:00 Horse Collar
11:12 Double-Bit Axe
11:23 Horse Collar
16:06 Castle Age
14:03 Gold Mining
14:22 Scale Barding Armor
19:17 Bow Saw
19:21 Loom
21:17 Husbandry
21:28 Bloodlines
21:30 Light Cavalry
22:55 Chain Barding Armor
23:59 Hand Cart
24:51 Town Watch
25:01 Stone Mining
25:52 Forging
25:45 Padded Archer Armor
28:19 Stone Shaft Mining
28:05 Town Patrol
31:38 Imperial Age
30:26 Leather Archer Armor
30:39 Ballistics
30:51 Heavy Plow
32:16 Thumb Ring
31:32 Elite Skirmisher
31:43 Elite Conquistador
33:03 Ring Archer Armor
33:09 Plate Barding Armor
34:03 Conscription
34:56 Iron Casting
34:12 Fletching
34:23 Scale Mail Armor
35:05 Iron Casting
34:32 Scale Mail Armor
34:48 Pikeman
35:29 Squires
36:07 Hussar
38:23 Two-Man Saw
37:24 Bodkin Arrow
38:31 Blast Furnace
37:47 Chain Mail Armor
39:22 Chemistry
38:34 Masonry
38:50 Town Patrol
41:39 Fortified Wall
42:02 Architecture
55:50 Bracer
56:20 Plate Mail Armor
56:10 Cavalier
58:34 Paladin
62:26 Halberdier
71:41 Guilds
Connection lost

Rejoining the realm…

Still unreachable

The connection could not be restored.

Session expired

The server has moved on; the page needs a fresh start.